 Dungeon Crawl Stone Soup version 0.29.1-15-g9cfb28693d (webtiles) character file.

Game seed: 6014378050079208605

6759 Ast3rio the Spear-Bearer (level 10, -5/97 HPs)
             Began as a Minotaur Berserker on Mar 14, 2023.
             Was an Elder of Trog.
             Slain by an orc warrior
             ... wielding a +0 short sword
              (7 damage)
             ... on level 10 of the Dungeon.
             The game lasted 00:15:46 (11148 turns).

Ast3rio the Spear-Bearer (Minotaur Berserker)      Turns: 11148, Time: 00:16:16

Health: -5/97      AC: 15    Str: 27    XL:     10   Next: 75%
Magic:  9/9        EV: 13    Int:  4    God:    Trog [****..]
Gold:   444        SH:  0    Dex:  9    Spells: 9/9 levels left

rFire   . . .      SeeInvis .   v - +4 trident (protect)
rCold   . . .      Faith    .   (no shield)
rNeg    . . .      Spirit   .   u - +0 ring mail
rPois   .          Reflect  .   s - +2 hat
rElec   .          Harm     .   (no cloak)
rCorr   .          Rampage  .   (no gloves)
Will    .....                   (no boots)
Stlth   ..........              (no amulet)
HPRegen 0.26/turn               (no ring)
MPRegen 0.11/turn               (no ring)

@: lethally poisoned (-5 -> -22), under a protective aura, on berserk cooldown,
slowed, studying Throwing, very slow
A: horns 2, retaliatory headbutt
a: Renounce Religion, Berserk, Trog's Hand, Brothers in Arms


You were on level 10 of the Dungeon.
You worshipped Trog.
Trog was greatly pleased with you.
You visited 1 branch of the dungeon, and saw 10 of its levels.

You collected 444 gold pieces.

Inventory:

Hand Weapons
 a - a +0 spear
 v - a +4 trident of protection (weapon)
 F - a +2 vampiric trident
 O - a +2 mace of draining
Armour
 b - a +0 animal skin
 s - a +2 hat (worn)
 t - a +0 barding
 u - a +0 ring mail (worn)
Jewellery
 c - an amulet of the acrobat
 L - a +4 ring of slaying
 M - the ring "Jaast" {rF+ rC+ Will+}
   (You took it off a centaur on level 9 of the Dungeon)

   [ring of willpower]

   rF:        It protects you from fire.
   rC:        It protects you from cold.
   Will:      It increases your willpower.
 N - an amulet of faith
Wands
 y - a wand of charming (7)
 D - a wand of mindburst (30)
 G - a wand of flame (26)
Scrolls
 d - a scroll of enchant weapon {unknown}
 e - 2 scrolls of torment {unknown}
 g - 6 scrolls of magic mapping {unknown}
 h - 4 scrolls of teleportation {unknown}
 k - 21 scrolls of identify {unknown}
 m - 3 scrolls of butterflies {unknown}
 o - a scroll of fear {unknown}
 x - 2 scrolls of immolation {unknown}
 C - 2 scrolls of vulnerability {unknown}
 H - a scroll of blinking
 I - a scroll of brand weapon {unknown}
 J - 2 scrolls of poison {unknown}
Potions
 f - 5 potions of degeneration {unknown}
 i - 3 potions of attraction {unknown}
 j - a potion of magic {unknown}
 l - a potion of haste {unknown}
 n - 2 potions of brilliance {unknown}
 p - a potion of mutation {unknown}
 q - 5 potions of curing {unknown}
 r - a potion of ambrosia {unknown}
 w - 2 potions of flight {unknown}
 z - a potion of invisibility {unknown}
 A - a potion of might {unknown}
 B - a potion of cancellation {unknown}
 E - 2 potions of resistance {unknown}
Miscellaneous
 K - a phial of floods
 P - a phial of floods


   Skills:
 * Level 11.7 Fighting
 * Level 11.8 Polearms
 + Level 8.7 Armour
 + Level 7.9 Dodging


You had 9 spell levels left.
You didn't know any spells.
Your spell library was empty.

Dungeon Overview and Level Annotations

Branches:
Dungeon (10/15)            Temple (0/1) D:6
   Lair: D:8-11         Orc: D:9-12

Altars:
Ashenzari
Cheibriados
Dithmenos
Fedhas
Gozag
Hepliaklqana
Kikubaaqudgha
Makhleb
Nemelex Xobeh
Qazlal
Ru
Trog
Uskayaw
Wu Jian
Xom
Yredelemnul
Zin
The Shining One

Shops:
D:3 (

Portals:
Abyss: D:6

Annotations:
D:6 2 transporters, BuddhaDhamma's ghost, novice MiBe
D:7 2 transporters


Innate Abilities, Weirdness & Mutations

You have a pair of horns on your head.
You reflexively headbutt those who attack you in melee.


Message History

You kill the yak!
Trog accepts your kill.
You feel sick.
The orc hits you with a +3 dagger of venom.
You are more poisoned.
The yak gores you.
You closely miss the orc warrior.
You feel very sick. The orc hits you but does no damage. x2
You are more poisoned.
The yak gores you.
You puncture the orc warrior! You headbutt the orc warrior!
The orc warrior is severely wounded.
You feel very sick. The orc warrior misses you.
The orc hits you but does no damage.
The orc warrior hits you but does no damage.
The orc priest mumbles some strange prayers to Beogh against the yak.
Beogh smites you!
* * * LOW HITPOINT WARNING * * *
The yak gores you.
* * * LOW HITPOINT WARNING * * *
You hit the orc warrior. Your headbutt misses the orc warrior.
Your punch misses the orc warrior.
The orc warrior is lightly wounded.
* * * LOW HITPOINT WARNING * * *
You feel very sick. The orc hits you but does no damage.
The orc warrior hits you but does no damage.
The orc hits you but does no damage.
You are lethally poisoned!
The yak misses you. You furiously retaliate!
You headbutt the yak!
The orc warrior hits you with a +0 hand axe!
* * * LOW HITPOINT WARNING * * *
You completely miss the orc warrior.
The orc warrior is lightly wounded.
* * * LOW HITPOINT WARNING * * *
You feel very sick. The orc barely misses you.
The orc warrior hits you with a +0 short sword!
You die...

#....# # #.#### o. # #.#
.# ## ##'#### o# .#
#.....# o# .# #.....# o#
.####.....# ##o#+
.+.##.....# ###ooo#####
..#####...# #)o@8oooo..
.##..##...####)#oYo#####
.#....#...'....#####
.#.#..##..######
.#.##).#..# .#.[#..#..#
.####..#+## ..##..##
......#


You could see a yak, 2 orc warriors, an orc priest and 12 orcs.

Vanquished Creatures
  A two-headed ogre (D:10)
  A manticore (D:9)
  A troll (D:9)
  A hornet (D:8)
  Sigmund (D:2)
  2 wraiths
  11 yaks (D:10)
  A steam dragon (D:9)
  Duvessa (D:5)
  A water moccasin (D:7)
  2 orc warriors (D:9)
  3 ice beasts
  3 sky beasts
  3 centaurs
  2 phantoms (D:5)
  Blork the orc (D:5)
  A bullfrog (D:7)
  4 kobold brigands
  2 necrophages (D:5)
  A scorpion (D:5)
  A gnoll sergeant (D:7)
  Dowan (D:5)
  A killer bee (D:6)
  5 howler monkeys
  4 crimson imps (D:3)
  3 hounds
  6 orc priests
  A gnoll bouda (D:5)
  2 jellies
  Jessica (D:2)
  2 iguanas
  5 orc wizards
  5 adders
  9 gnolls
  A river rat (D:4)
  2 shadow imps (D:7)
  A white imp (D:6)
  3 worms
  A dart slug (D:2)
  32 orcs
  3 bats
  7 endoplasms
  7 giant cockroaches
  8 hobgoblins
  3 jackals (D:1)
  16 kobolds
  2 quokkas (D:3)
  8 ball pythons
  4 frilled lizards
  6 goblins
  4 rats
197 creatures vanquished.

Vanquished Creatures (others)
  4 plants (D:8)
  3 withered plants (D:8)
7 creatures vanquished.

Grand Total: 204 creatures vanquished

Notes
Turn   | Place    | Note
-------+----------+-------------------------------------------
     0 | D:1      | Ast3rio the Minotaur Berserker began the quest for the Orb.
     0 | D:1      | Reached XP level 1. HP: 19/19 MP: 0/0
   140 | D:1      | Reached XP level 2. HP: 24/27 MP: 1/1
   948 | D:2      | Found a faded altar of an unknown god.
   961 | D:2      | Reached XP level 3. HP: 33/33 MP: 2/2
  1139 | D:2      | Reached ** piety under Trog
  1175 | D:2      | Noticed Sigmund
  1187 | D:2      | Killed Sigmund
  1188 | D:2      | Reached XP level 4. HP: 41/41 MP: 3/3
  1188 | D:2      | Reached XP level 5. HP: 47/47 MP: 4/4
  1287 | D:2      | Noticed Jessica
  1295 | D:2      | Killed Jessica
  1296 | D:2      | Reached skill level 5 in Polearms
  1513 | D:2      | Reached skill level 5 in Fighting
  1969 | D:3      | Reached XP level 6. HP: 42/56 MP: 5/5
  2047 | D:3      | Found an ornate altar of the Wu Jian Council.
  2083 | D:3      | Found a shadowy altar of Dithmenos.
  2118 | D:3      | Noticed a sky beast
  2125 | D:3      | Killed a sky beast
  2171 | D:3      | Found a faded altar of an unknown god.
  2219 | D:3      | Found a hide-covered altar of Uskayaw.
  2378 | D:3      | Found Faehiumo's Weapon Shop.
  2440 | D:3      | Found a shimmering altar of Xom.
  2723 | D:3      | Reached XP level 7. HP: 61/62 MP: 6/6
  4253 | D:5      | Entered Level 5 of the Dungeon
  4306 | D:5      | Noticed Blork the orc
  4319 | D:5      | Killed Blork the orc
  4320 | D:5      | Reached skill level 5 in Armour
  4705 | D:5      | Reached *** piety under Trog
  4711 | D:5      | Reached skill level 5 in Dodging
  4711 | D:5      | Reached XP level 8. HP: 55/73 MP: 7/7
  4986 | D:5      | Found a sparkling altar of Nemelex Xobeh.
  5357 | D:5      | Found a basalt altar of Yredelemnul.
  5437 | D:5      | Noticed Duvessa
  5438 | D:5      | Noticed Dowan
  5444 | D:5      | Killed Duvessa
  5451 | D:5      | Killed Dowan
  5655 | D:6      | Found a staircase to the Ecumenical Temple.
  5807 | D:6      | Noticed a wizard
  5808 | D:6      | Noticed a red ugly thing
  5819 | D:6      | Found a transporter.
  5824 | D:6      | Found a one-way gate to the infinite horrors of the Abyss.
  5824 | D:6      | Noticed BuddhaDhamma's ghost (novice MiBe)
  5866 | D:6      | Reached XP level 9. HP: 82/82 MP: 8/8
  5888 | D:6      | Found a transporter.
  6676 | D:7      | Found a transporter.
  6738 | D:7      | Found a transporter.
  7028 | D:7      | Found a bloodstained altar of Trog.
  7202 | D:8      | Found a broken altar of Ashenzari.
  7575 | D:8      | Found a stormy altar of Qazlal.
  7694 | D:8      | Found an opulent altar of Gozag.
  7695 | D:8      | Found an opulent altar of Gozag.
  7702 | D:8      | Found an opulent altar of Gozag.
  7711 | D:8      | Found an opulent altar of Gozag.
  7981 | D:8      | Found an ancient bone altar of Kikubaaqudgha.
  7981 | D:8      | Found a blossoming altar of Fedhas.
  8669 | D:9      | Found a sacrificial altar of Ru.
  8670 | D:9      | Found a hazy altar of Hepliaklqana.
  8670 | D:9      | Found a snail-covered altar of Cheibriados.
  8882 | D:9      | Reached skill level 10 in Polearms
  8931 | D:9      | Found a burning altar of Makhleb.
  8936 | D:9      | Identified the ring "Jaast" {rF+ rC+ Will+}
  8944 | D:9      | Reached skill level 10 in Fighting
  9148 | D:9      | Noticed a manticore
  9157 | D:9      | Killed a manticore
  9350 | D:9      | Reached XP level 10. HP: 69/94 MP: 9/9
  9479 | D:9      | Found a glowing golden altar of the Shining One.
  9796 | D:9      | Reached **** piety under Trog
 10105 | D:9      | Found a glowing silver altar of Zin.
 10193 | D:10     | Entered Level 10 of the Dungeon
 10193 | D:10     | Noticed a two-headed ogre
 10257 | D:10     | Killed a two-headed ogre
 11148 | D:10     | HP: 2/97 [poisoned by an orc]
 11148 | D:10     | Slain by an orc warrior

Illustrated notes

Levels and vault maps discovered:
D:1:      minmay_arrival_four_houses, layout_basic, minmay_strange_pillars
D:2:      layout_basic, chequers_ecumenical_altar_simple, minmay_hexomino_c4,
          uniq_sigmund, uniq_jessica
D:3:      kb_forest_paths, layout_basic, marbit_many_paths,
          nicolae_overflow_ecumenical_swirl, led_xom_imps,
          nzn_wu_jian_council_hall, serial_shops, nicolae_shop_waterfront
D:4:      layout_layer_cave, gup_sewer_entry_bubbles
D:5:      layout_basic, mainiacjoe_overflow_small_starburst,
          nemelex_diamond_rough_becter, minmay_manual_mess, uniq_duvessa,
          uniq_blork_the_orc
D:6:      minmay_cornered_nines, layout_basic,
          minmay_temple_entry_statues_pillars, gammafunk_ghost_abyssal_escape
D:7:      gammafunk_cloud_chamber, layout_basic, mainiacjoe_overflow_alcove_1,
          minivault_23, minmay_misc_feat_more_columns
D:8:      layout_basic, grunt_temple_overflow_growth_and_decay,
          nicolae_gozag_conspicuous_consumption,
          mainiacjoe_overflow_tiny_flanked, mainiacjoe_overflow_catwalk,
          nicolae_underground_beach
D:9:      layout_basic, general_overflow_altar, nicolae_tso_carved_into_rock,
          nicolae_overflow_quartered_altars
D:10:     layout_roguey, gammafunk_temple_overflow_forgotten, elyvilon_altar_5,
          lair_entry_dummy, hiddenorc2_lemuel, minmay_puff, uniq_snorg

Skill      XL: |  1  2  3  4  5  6  7  8  9 10 |
---------------+-------------------------------+-----
Polearms       | 4 5 7 8 10 11 | 11.8
Fighting       | 4 5 7 8 10 11 | 11.7
Armour         | 3 4 5 6 7 8 |  8.7
Dodging        | 3 4 5 6 7 |  7.9

Action                   |  1- 3 |  4- 6 |  7- 9 | 10-12 || total
-------------------------+-------+-------+-------+-------++-------
Melee: Spear             |    73 |   123 |    49 |       ||   245
       Headbutt          |    14 |    14 |    45 |    23 ||    96
       Trident           |       |       |   303 |    88 ||   391
       Punch             |       |       |     1 |     4 ||     5
Invok: Berserk           |     1 |     1 |     3 |     3 ||     8
 Stab: Sleeping          |       |     2 |       |       ||     2
Armor: Animal skin       |     4 |     1 |     5 |       ||    10
       Ring mail         |       |       |   160 |    43 ||   203
Dodge: Dodged            |    25 |    58 |   171 |    62 ||   316
